 Dungeon Crawl Stone Soup version 0.13.0-3-g966e3ec (webtiles) character file.

162 Jaijje the Chiller (level 3, 0/26 HPs)
             Began as a Draconian Ice Elementalist on Oct 13, 2013.
             Succumbed to Sigmund's poison
             ... on Level 2 of the Dungeon.
             The game lasted 00:05:57 (1260 turns).

Jaijje the Chiller (Draconian Ice Elementalist)     Turns: 1260, Time: 00:05:57

HP   0/26        AC  5     Str 10      XL: 3   Next: 78%
MP   6/6         EV 12     Int 16      God:
Gold 103         SH  0     Dex 11      Spells:  2 memorised,  3 levels left

Res.Fire  : . . .   See Invis. : .   k - +1,+0 sling (frost)
Res.Cold  : . . .   Warding    : .   (armour unavailable)
Life Prot.: . . .   Conserve   : .   (no shield)
Res.Poison: .       Res.Corr.  : .   (helmet restricted)
Res.Elec. : .       Clarity    : .   (no cloak)
Sust.Abil.: . .     Spirit.Shd : .   (no gloves)
Res.Mut.  : .       Stasis     : .   (no boots)
Res.Rott. : .       Flight     : .   (no amulet)
Saprovore : . . .                    (no ring)
                                     (no ring)

@: mildly poisoned, not resistant to hostile enchantments, unstealthy
A: unfitting armour, AC +5
a: no special abilities


You were on level 2 of the Dungeon.
You were hungry.

You visited 1 branch of the dungeon, and saw 2 of its levels.

You collected 83 gold pieces.

Inventory:

Hand weapons
 h - a +1,+2 dagger of draining
 k - a +1,+0 sling of frost (weapon)
Missiles
 l - 10 stones (quivered)
Comestibles
 c - 2 bread rations
 j - an apple
Scrolls
 a - a scroll of teleportation {unknown}
 f - a scroll of remove curse {unknown}
 g - 3 scrolls of identify {unknown}
Potions
 e - 4 potions of curing {unknown}
 i - a potion of mutation {unknown}
Books
 b - a book of Frost

   Spells                             Type                      Level
   *Freeze                            Ice                          1
   *Throw Frost                       Conjuration/Ice              2
   Ozocubu's Armour                   Charms/Ice                   3
   Throw Icicle                       Conjuration/Ice              4
   Summon Ice Beast                   Ice/Summoning                4
   Condensation Shield                Ice                          4


   Skills:
 - Level 1.9 Dodging
 - Level 1.7 Stealth
 + Level 2.0 Spellcasting
 - Level 1.0 Conjurations
 + Level 4.2 Ice Magic


You had 3 spell levels left.
You knew the following spells:

 Your Spells              Type           Power        Failure   Level  Hunger
a - Freeze                Ice            ###.         4%          1    #......
b - Throw Frost           Conj/Ice       ##....       12%         2    ###....


Dungeon Overview and Level Annotations

Branches:
Dungeon (2/27)

Altars:

Annotations:
D:2 Sigmund


Message History

You are poisoned.
You feel sick.
Sigmund points at you and mumbles some strange words.
The puff of flame hits you!
* * * LOW HITPOINT WARNING * * *
Firing (i - inventory. (,) - cycle):
l - 11 stones (quivered)
Press: ? - help, Shift-Dir - straight line, f/p - Sigmund
Aim: Sigmund, wielding a scythe of venom and wearing a robe (moderately wounded)
You shoot a stone. The stone of frost misses Sigmund.
Sigmund points at you and mumbles some strange words.
The magic dart hits you!
* * * LOW HITPOINT WARNING * * *
* * * LOW HITPOINT WARNING * * *
You feel sick.
* * * LOW HITPOINT WARNING * * *
You feel sick. Sigmund gestures at you while chanting. The magic dart hits you!
* * * LOW HITPOINT WARNING * * *
You die...

#.#.#
####<..........#
#.#.#
#.##.....##.# ###
#.#%# #[##..####
.....
#.#.######.##....
####
#..)....##.##...##
#...............#
#...###.#..##.###
#...# #.#..##.#
#...# #.#@.##.#
#..## #.#..##.#
#..####.#..#
#...@......#
##.#######....#
##.# ..### #..##
..# #.@.# ..#
#..## # ...


There were no monsters in sight!

Vanquished Creatures
  An adder (D:2)
  A worm (D:2)
  2 giant geckos (D:1)
  An ooze (D:1)
  A giant cockroach (D:2)
  7 goblins
  6 hobgoblins
  5 kobolds (D:1)
  8 bats
  A giant newt (D:1)
  3 jackals (D:2)
  8 rats (D:1)
44 creatures vanquished.

Notes
Turn   | Place    | Note
--------------------------------------------------------------
     0 | D:1      | Jaijje, the Draconian Ice Elementalist, began the quest for the Orb.
     0 | D:1      | Reached XP level 1. HP: 14/14 MP: 3/3
   132 | D:1      | Reached XP level 2. HP: 18/20 MP: 0/4
   655 | D:1      | Reached XP level 3. HP: 22/26 MP: 3/6
   993 | D:2      | Reached skill level 4 in Ice Magic
  1034 | D:2      | Learned a level 2 spell: Throw Frost
  1043 | D:2      | Noticed Sigmund
  1258 | D:2      | HP: 1/26 [Sigmund/magic dart (2)]
  1260 | D:2      | Succumbed to Sigmund's poison

Action                   || total
-------------------------++-------
Melee: Unarmed           ||     5
       Dagger            ||    17
 Fire: Sling             ||     9
Throw: Dart              ||     8
       Stone             ||     1
 Cast: Freeze            ||    63
